[Event "Austria 2nd BL-Mitte 2024-25"]
[Site "Austria"]
[Date "2025.04.05"]
[Round "10.1"]
[White "Smith, Bryan"]
[Black "Postlmayer, Jakob"]
[Result "0-1"]
[Annotator "RC"]
[ECO "B67"]
[WhiteElo "2374"]
[BlackElo "2403"]
[PlyCount "66"]
[EventDate "2025.03.30"]
[EventType "team-tourn"]
[EventCountry "AUT"]
[SourceTitle "playchess.com"]
[Source "ChessBase"]
[SourceQuality "1"]
[TimeControl "40/5400+30:1800+30"]

1. e4 c5 2. Nf3 d6 3. d4 cxd4 4. Nxd4 Nf6 5. Nc3 Nc6 6. Bg5 e6 7. Qd2 a6 8. O-O-O Bd7 9. Kb1 Nxd4 10. Qxd4 Be7 11. f4 Bc6 12. f5 Qa5 13. Bc4 exf5 14. Rhf1 fxe4 15. Nxe4 Nxe4 16. Bxe7 Kxe7 17. Rxf7+ Ke8 18. Qxg7 Qe5 19. Qh6 d5 20. Rdf1 Kd8 21. Bd3 Qg5 22. Qxg5+ Nxg5 23. Rg7 h6 24. Rf6 Ne4 25. Re6 Kc8 26. Ree7 Kb8 27. Rg6 h5 28. b3 a5 29. c4 Nc5 30. cxd5 Be8 31. Rgg7 Nxd3 32. Rxb7+ Kc8 33. d6 Ne5 0-1

[Event "Austria 2nd BL-Mitte 2024-25"]
[Site "Austria"]
[Date "2025.04.05"]
[Round "10.2"]
[White "Sandhoefner, Florian"]
[Black "Bratovic, Blaz"]
[Result "1-0"]
[Annotator "ChessBase"]
[ECO "B73"]
[WhiteElo "2214"]
[BlackElo "2332"]
[PlyCount "121"]
[EventDate "2025.03.30"]
[EventType "team-tourn"]
[EventCountry "AUT"]
[SourceTitle "playchess.com"]
[Source "ChessBase"]
[SourceQuality "1"]
[TimeControl "40/5400+30:1800+30"]

1. e4 c5 2. Nf3 d6 3. d4 cxd4 4. Nxd4 Nf6 5. Nc3 Nc6 6. Be2 g6 7. Be3 Bg7 8. O-O O-O 9. Qd2 Bd7 10. f4 Nxd4 11. Bxd4 Bc6 12. f5 b5 13. Bf3 b4 14. Nd5 Bxd5 15. exd5 a5 16. fxg6 hxg6 17. a3 bxa3 18. Rxa3 Nd7 19. Rfa1 Bxd4+ 20. Qxd4 Qc7 21. b4 a4 22. c3 Qb6 23. Rxa4 Rxa4 24. Rxa4 Rc8 25. Qxb6 Nxb6 26. Ra6 Nd7 27. Rc6 Rd8 28. Kf2 f5 29. Ke3 Kg7 30. Be2 Kf6 31. Ba6 Rh8 32. h3 Rh4 33. Rc7 Ne5 34. Be2 f4+ 35. Kf2 Rh8 36. b5 Rb8 37. c4 g5 38. Ke1 e6 39. dxe6 Kxe6 40. Kd2 Kf5 41. Bd3+ Kf6 42. Be4 g4 43. hxg4 Nxg4 44. Bf3 Ne5 45. Bd5 Kf5 46. Kc3 Ng4 47. Kb4 Ne3 48. Bf3 Ke5 49. c5 Nc2+ 50. Ka5 Nd4 51. b6 Nxf3 52. gxf3 dxc5 53. Rxc5+ Kd4 54. Kb5 Ke3 55. Rc3+ Kf2 56. Rb3 Kg2 57. Kc6 Rc8+ 58. Kd7 Rb8 59. Kc7 Rh8 60. b7 Rh7+ 61. Kb6 1-0

[Event "Austria 2nd BL-Mitte 2024-25"]
[Site "Austria"]
[Date "2025.04.05"]
[Round "10.3"]
[White "Feinig, Mario"]
[Black "Hajnal, Zoltan"]
[Result "0-1"]
[Annotator "ChessBase"]
[ECO "C47"]
[WhiteElo "2214"]
[BlackElo "2325"]
[PlyCount "66"]
[EventDate "2025.03.30"]
[EventType "team-tourn"]
[EventCountry "AUT"]
[SourceTitle "playchess.com"]
[Source "ChessBase"]
[SourceQuality "1"]
[TimeControl "40/5400+30:1800+30"]

1. e4 e5 2. Nf3 Nc6 3. Nc3 Nf6 4. d4 exd4 5. Nxd4 Bc5 6. Be3 Bb6 7. Qd2 Ng4 8. Nxc6 bxc6 9. Bd4 d6 10. f3 Nf6 11. O-O-O O-O 12. g4 Re8 13. h4 Nd7 14. g5 Bb7 15. Bxb6 axb6 16. h5 b5 17. a3 Nc5 18. h6 g6 19. f4 Qe7 20. Bh3 Bc8 21. Qd4 Qf8 22. f5 Re5 23. Rdf1 Qe7 24. Rhg1 Bd7 25. Rf4 Rd8 26. Kb1 Be8 27. fxg6 hxg6 28. Rf6 Nxe4 29. Nxe4 Rxe4 30. Qf2 Kh7 31. Rf1 Re5 32. Qf4 d5 33. Ka2 Rd6 0-1

[Event "Austria 2nd BL-Mitte 2024-25"]
[Site "Austria"]
[Date "2025.04.05"]
[Round "10.4"]
[White "Heimberger, Reinhard"]
[Black "Riemelmoser, Franz"]
[Result "0-1"]
[Annotator "ChessBase"]
[ECO "D02"]
[WhiteElo "2273"]
[BlackElo "2234"]
[PlyCount "122"]
[EventDate "2025.03.30"]
[EventType "team-tourn"]
[EventCountry "AUT"]
[SourceTitle "playchess.com"]
[Source "ChessBase"]
[SourceQuality "1"]
[TimeControl "40/5400+30:1800+30"]

1. d4 e6 2. g3 c5 3. e3 Nf6 4. Bg2 Nc6 5. Nf3 d5 6. O-O Be7 7. dxc5 Bxc5 8. a3 O-O 9. b4 Be7 10. Bb2 b5 11. Qe2 Qb6 12. Nd4 Rb8 13. Nd2 a5 14. Nxc6 Qxc6 15. bxa5 Ba6 16. Rfc1 Rfc8 17. Nb3 Qc4 18. Bf1 Qa4 19. Qd2 Ne4 20. Qd4 Bf6 21. Qxa4 bxa4 22. Bxf6 Bxf1 23. Nd4 Bh3 24. Be7 e5 25. Nf3 Nc3 26. Re1 f6 27. Bb4 Kf7 28. Nd2 Bf5 29. e4 Nxe4 30. Nxe4 Bxe4 31. c3 g5 32. Rac1 Rc4 33. Re3 g4 34. Rd1 Ke6 35. Kf1 Rbc8 36. Ree1 h5 37. Rd2 Bf3 38. Rb1 d4 39. Rc1 e4 40. Re1 dxc3 41. Rc2 Kd5 42. Re3 Kd4 43. Be7 R8c6 44. Re1 Kd3 45. Rec1 Bd1 46. Ra2 c2 47. Bb4 e3 48. fxe3 Re6 49. Rb2 Rxe3 50. a6 Re6 51. a7 Ra6 52. Bf8 Rxa7 53. Bh6 Re7 54. Rb6 Rce4 55. Rd6+ Kc3 56. Bd2+ Kb3 57. Rb6+ Kc4 58. Rxf6 Re2 59. Rf4+ Kd3 60. Bb4 R7e3 61. Kg1 Rf3 0-1

[Event "Austria 2nd BL-Mitte 2024-25"]
[Site "Austria"]
[Date "2025.04.05"]
[Round "10.6"]
[White "Theuretzbacher, Klaus"]
[Black "Roessler, Felix"]
[Result "1-0"]
[Annotator "ChessBase"]
[ECO "C24"]
[WhiteElo "2175"]
[BlackElo "1840"]
[PlyCount "131"]
[EventDate "2025.03.30"]
[EventType "team-tourn"]
[EventCountry "AUT"]
[SourceTitle "playchess.com"]
[Source "ChessBase"]
[SourceQuality "1"]
[TimeControl "40/5400+30:1800+30"]

1. e4 e5 2. Bc4 Nf6 3. d4 Nxe4 4. dxe5 d6 5. Bxf7+ Kxf7 6. Qd5+ Be6 7. Qxe4 dxe5 8. Nf3 Bd6 9. Ng5+ Ke7 10. Nxe6 Kxe6 11. Qxb7 Nd7 12. Nc3 Qh4 13. Qe4 Qxe4+ 14. Nxe4 h6 15. O-O Nc5 16. Re1 Rab8 17. b3 Rhf8 18. Bb2 Rf5 19. Ng3 Rf7 20. Re2 Nd7 21. Ne4 Rf5 22. Rd1 Nf6 23. Ng3 Rf4 24. Rde1 Nd7 25. Ne4 Rd8 26. g3 Rf5 27. Kg2 Kd5 28. Rd1+ Kc6 29. Red2 Nb6 30. c4 Rd7 31. c5 Bxc5 32. Rxd7 Nxd7 33. Rxd7 Kxd7 34. Nxc5+ Kd6 35. Ne4+ Kd5 36. f3 Rf7 37. Kf2 a6 38. Ke3 c6 39. Nd2 Re7 40. Kd3 c5 41. Nc4 g5 42. Bxe5 Rf7 43. Ke3 Rf5 44. Bc3 Rf7 45. Nd2 Re7+ 46. Ne4 c4 47. b4 g4 48. Kf4 gxf3 49. Nf6+ Ke6 50. Kxf3 Rf7 51. Ke4 Rf8 52. a4 Rf7 53. g4 Rf8 54. h4 Rd8 55. Nh5 Kd6 56. Ng7 Ke7 57. Nf5+ Kf7 58. Nxh6+ Kg6 59. Nf5 Rd3 60. Bd4 Rh3 61. h5+ Kg5 62. Ne3 Rh1 63. Kd5 Rb1 64. Kxc4 a5 65. bxa5 Rb8 66. a6 1-0

[Event "Austria 2nd BL-Mitte 2024-25"]
[Site "Austria"]
[Date "2025.04.05"]
[Round "10.7"]
[White "Mihok, Oliver"]
[Black "Felsberger, Alfred"]
[Result "*"]
[Annotator "TA"]
[ECO "B48"]
[WhiteElo "2536"]
[BlackElo "2320"]
[PlyCount "43"]
[EventDate "2025.03.30"]
[EventType "team-tourn"]
[EventCountry "AUT"]
[SourceTitle "playchess.com"]
[Source "ChessBase"]
[SourceQuality "1"]
[TimeControl "40/5400+30:1800+30"]

1. e4 c5 2. Nf3 e6 3. d4 cxd4 4. Nxd4 Nc6 5. Nc3 Qc7 6. Be3 a6 7. g4 {[%emt 0:00:10] B48: Sicilian: Taimanov: 5 Nc3 Qc7 6 Be3 a6 without Be2.} h6 {[%emt 0:00:06] is recently more successful than 7...b5.} 8. h4 b5 9. Nxc6 {[%emt 0:01:48] The position is equal.} Qxc6 10. Rg1 Bb7 $146 (10... Ba3 11. bxa3 Qxc3+ 12. Bd2 Qe5 13. g5 hxg5 14. Rxg5 Qxe4+ 15. Be3 d5 16. Rxg7 Ne7 {½-½ Nadj Hedjesi,B (2227)-Baradaran Tamadon,A (2202) Ayvalik Erik 2023 (7.5)}) 11. Qd2 b4 12. Ne2 Qd6 13. Qxd6 Bxd6 14. f3 Rc8 15. O-O-O Bh2 16. Rg2 Bb8 {[%emt 0:00:17] [#]} (16... Bc7 $11 {keeps the balance.}) 17. Nd4 $1 $16 Ba7 18. Bf4 Ne7 19. Bd6 h5 20. gxh5 {[%emt 0:06:14] White is much more active.} ({Don't take} 20. Bxb4 hxg4 21. Rxg4 g6 $14) ({White should play} 20. Nb3 $16) 20... Rxh5 21. Rxg7 Rxh4 {[%emt 0:05:52] Mistake:       	White=1     	Black=2      Inaccurate:     	White=2     	Black=2      OK:         	White=7     	Black=2      Best:        	White=1     	---        Strong:       	White=1     	---} ({Better is} 21... Bc5 $14 22. Bg3 d5) 22. Bxb4 {[%emt 0:02:58] Weighted Error Value: White=0.16 (very precise) /Black=0.21 (precise)} *

[Event "Austria 2nd BL-Mitte 2024-25"]
[Site "Austria"]
[Date "2025.04.05"]
[Round "10.8"]
[White "Weiss, Christian"]
[Black "Schreiner, Till"]
[Result "1/2-1/2"]
[Annotator "ChessBase"]
[ECO "B20"]
[WhiteElo "2360"]
[BlackElo "2354"]
[PlyCount "127"]
[EventDate "2025.03.30"]
[EventType "team-tourn"]
[EventCountry "AUT"]
[SourceTitle "playchess.com"]
[Source "ChessBase"]
[SourceQuality "1"]
[TimeControl "40/5400+30:1800+30"]

1. e4 c5 2. g3 Nc6 3. Bg2 g6 4. f4 Bg7 5. Nf3 e6 6. O-O Nge7 7. c3 d5 8. d3 O-O 9. Be3 b6 10. e5 Ba6 11. Re1 d4 12. cxd4 cxd4 13. Bf2 Rc8 14. Qd2 Nd5 15. Nxd4 Nxd4 16. Bxd4 Ne7 17. Bf2 Qxd3 18. Qxd3 Bxd3 19. Nc3 Rfd8 20. Rad1 Ba6 21. Rxd8+ Rxd8 22. Ne4 Nd5 23. a3 Rc8 24. Bd4 Rc4 25. Rd1 Bf8 26. Bf1 Ra4 27. Bxa6 Rxa6 28. Kf2 Ra4 29. Kf3 Be7 30. Nc3 Ra5 31. Rc1 Kf8 32. Ne4 Ke8 33. Rc8+ Kd7 34. Rh8 Ra4 35. Bf2 h5 36. Rh7 Ke8 37. Nd6+ Bxd6 38. exd6 Rc4 39. d7+ Kxd7 40. Rxf7+ Ne7 41. Rh7 e5 42. fxe5 Ke6 43. Rg7 Rc2 44. Bd4 Rxh2 45. Bc3 a5 46. a4 Rc2 47. Bd4 Rc4 48. Bxb6 Rxa4 49. Bc5 Nf5 50. Rxg6+ Kxe5 51. Rg5 Rc4 52. Bb6 a4 53. Rxh5 Ke6 54. g4 Ng7 55. Rb5 a3 56. bxa3 Rc3+ 57. Ke4 Rxa3 58. Bd4 Ne8 59. Re5+ Kf7 60. Rc5 Nf6+ 61. Kf5 Rf3+ 62. Ke5 Nd7+ 63. Ke4 Nxc5+ 64. Kxf3 1/2-1/2

[Event "Austria 2nd BL-Mitte 2024-25"]
[Site "Austria"]
[Date "2025.04.05"]
[Round "10.9"]
[White "Wagner, Stephan"]
[Black "Ennsberger, Ulrich"]
[Result "0-1"]
[Annotator "ChessBase"]
[ECO "A36"]
[WhiteElo "2240"]
[BlackElo "2277"]
[PlyCount "144"]
[EventDate "2025.03.30"]
[EventType "team-tourn"]
[EventCountry "AUT"]
[SourceTitle "playchess.com"]
[Source "ChessBase"]
[SourceQuality "1"]
[TimeControl "40/5400+30:1800+30"]

1. c4 c5 2. Nc3 g6 3. g3 Bg7 4. Bg2 Nc6 5. e4 d6 6. Nge2 h5 7. h3 Nf6 8. d3 Bd7 9. Be3 a6 10. a4 Rb8 11. Rb1 O-O 12. O-O Qc8 13. Kh2 Ne5 14. Nf4 b5 15. axb5 axb5 16. cxb5 Bxb5 17. Nxb5 Rxb5 18. d4 Nc4 19. b3 Nxe3 20. fxe3 Qb8 21. Qd3 cxd4 22. exd4 Qb6 23. b4 e6 24. Qc4 Kh7 25. d5 exd5 26. Nxd5 Nxd5 27. exd5 Be5 28. Rf3 Qb7 29. h4 Kg7 30. Qc6 Qb8 31. Qc4 Rc8 32. Qb3 Qb7 33. Re3 Rb8 34. Re4 Qxd5 35. Qxd5 Rxd5 36. Re3 Rd4 37. b5 Rxh4+ 38. Kg1 Bd4 39. gxh4 Bxe3+ 40. Kh2 Bd4 41. Bc6 Kf6 42. Kh3 Ke6 43. Rd1 Be5 44. Rd2 f6 45. Rg2 Kf5 46. Rf2+ Bf4 47. Re2 g5 48. Re7 g4+ 49. Kg2 Be5 50. Re8 Rxe8 51. Bxe8 d5 52. Bxh5 d4 53. Bf7 Kf4 54. Bb3 d3 55. b6 f5 56. b7 Ke3 57. h5 f4 58. Bd1 f3+ 59. Kf1 g3 60. h6 Bd4 61. b8=Q g2+ 62. Kg1 Kd2+ 63. Kh2 g1=Q+ 64. Kh3 Qg2+ 65. Kh4 Kxd1 66. Qb1+ Ke2 67. Qa2+ d2 68. Qc4+ Ke3 69. Qb3+ Kf2 70. Qd3 Be3 71. h7 Qg5+ 72. Kh3 Qh5# 0-1

[Event "Austria 2nd BL-Mitte 2024-25"]
[Site "Austria"]
[Date "2025.04.05"]
[Round "10.10"]
[White "Moser, Guenter"]
[Black "Manhardt, Thomas"]
[Result "1-0"]
[Annotator "ChessBase"]
[ECO "A04"]
[WhiteElo "2201"]
[BlackElo "2116"]
[PlyCount "77"]
[EventDate "2025.03.30"]
[EventType "team-tourn"]
[EventCountry "AUT"]
[SourceTitle "playchess.com"]
[Source "ChessBase"]
[SourceQuality "1"]
[TimeControl "40/5400+30:1800+30"]

1. d4 Nf6 2. g3 g6 3. Bg2 Bg7 4. Nf3 c5 5. c3 cxd4 6. Nxd4 Nc6 7. O-O O-O 8. e4 d6 9. Nxc6 bxc6 10. e5 dxe5 11. Qxd8 Rxd8 12. Bxc6 Bh3 13. Re1 Rac8 14. Bh1 Rc7 15. Na3 e4 16. Nb5 Rb7 17. a4 a6 18. Nd4 h6 19. a5 Rd6 20. Nc2 Bf5 21. Nb4 g5 22. f3 Rb5 23. Be3 exf3 24. Bxf3 Bc8 25. Bb6 Kf8 26. Rad1 Rf5 27. Rxd6 exd6 28. Bg2 Nd7 29. Bc7 Be5 30. Bh3 Rf6 31. Nd5 Rf3 32. Bg2 g4 33. Bxf3 gxf3 34. Nb6 Nxb6 35. Bxb6 Bb7 36. Kf2 f5 37. Bd4 Be4 38. Bxe5 dxe5 39. g4 1-0

[Event "Austria 2nd BL-Mitte 2024-25"]
[Site "Austria"]
[Date "2025.04.05"]
[Round "10.11"]
[White "Sohn, Benedikt"]
[Black "Knoll, Hermann"]
[Result "1-0"]
[Annotator "ChessBase"]
[ECO "B56"]
[WhiteElo "2028"]
[BlackElo "2258"]
[PlyCount "75"]
[EventDate "2025.03.30"]
[EventType "team-tourn"]
[EventCountry "AUT"]
[SourceTitle "playchess.com"]
[Source "ChessBase"]
[SourceQuality "1"]
[TimeControl "40/5400+30:1800+30"]

1. e4 c5 2. Nf3 d6 3. d4 cxd4 4. Nxd4 Nf6 5. Nc3 e5 6. Bb5+ Nbd7 7. Nf5 a6 8. Bxd7+ Qxd7 9. Bg5 Nxe4 10. Nxg7+ Bxg7 11. Nxe4 O-O 12. Qxd6 Qf5 13. f3 Be6 14. O-O Rac8 15. h4 Qg6 16. Rf2 h6 17. Be7 Rfe8 18. Qb4 Rc7 19. Bd6 Rd7 20. Rd2 Bf5 21. h5 Qxh5 22. Nc5 Rdd8 23. Nxb7 Rc8 24. Nc5 Qg6 25. Ne4 Be6 26. Nc5 Bf5 27. Ne4 Kh7 28. Re1 Bh8 29. c4 Rg8 30. c5 Be6 31. Nc3 Qg3 32. Qe4+ f5 33. Qe2 Bc4 34. Qf2 Qh3 35. Bxe5 Bxe5 36. Rxe5 Rxg2+ 37. Qxg2 Rg8 38. Re7+ 1-0

[Event "Austria 2nd BL-Mitte 2024-25"]
[Site "Austria"]
[Date "2025.04.05"]
[Round "10.12"]
[White "Simon, Christopher"]
[Black "Hatzl, Johannes"]
[Result "0-1"]
[Annotator "NA"]
[ECO "D00"]
[WhiteElo "1968"]
[BlackElo "2079"]
[PlyCount "56"]
[EventDate "2025.03.30"]
[EventType "team-tourn"]
[EventCountry "AUT"]
[SourceTitle "playchess.com"]
[Source "ChessBase"]
[SourceQuality "1"]
[TimeControl "40/5400+30:1800+30"]

1. d4 d5 2. Bf4 c5 3. e3 Nc6 4. c3 Nf6 5. Bd3 e6 6. Nd2 Bd6 7. Bg3 e5 8. dxe5 Nxe5 9. Bc2 O-O 10. Ngf3 Qe7 11. Nxe5 Bxe5 12. O-O Bxg3 13. hxg3 Bg4 14. Qc1 Rac8 15. c4 dxc4 16. a4 Be2 17. Re1 Bd3 18. Bd1 Qe6 19. Be2 Nd5 20. Nxc4 Nb4 21. Qc3 Qxc4 22. Qxc4 Bxc4 23. Bxc4 Nc2 24. Rac1 Nxe1 25. Rxe1 Rcd8 26. Re2 Rd1+ 27. Kh2 Rfd8 28. e4 R1d2 0-1

[Event "Austria 2nd BL-Mitte 2024-25"]
[Site "Austria"]
[Date "2025.04.05"]
[Round "10.13"]
[White "Csonka, Balazs"]
[Black "Leisch, Lukas"]
[Result "1/2-1/2"]
[Annotator "RC"]
[ECO "D12"]
[WhiteElo "2459"]
[BlackElo "2407"]
[PlyCount "60"]
[EventDate "2025.03.30"]
[EventType "team-tourn"]
[EventCountry "AUT"]
[SourceTitle "playchess.com"]
[Source "ChessBase"]
[SourceQuality "1"]
[TimeControl "40/5400+30:1800+30"]

1. d4 d5 2. c4 c6 3. Nf3 Nf6 4. e3 Bf5 5. cxd5 cxd5 6. Qb3 Qc7 7. Bd2 Nc6 8. Bb5 e6 9. O-O Bd6 10. Bb4 O-O 11. Bxd6 Qxd6 12. Nbd2 Rfc8 13. Rfc1 Ne7 14. Bf1 Rc7 15. Rxc7 Qxc7 16. Qa3 a5 17. Nb3 b6 18. Rc1 Qd8 19. Nbd2 h6 20. Ne5 Rc8 21. Rxc8 Nxc8 22. Qc3 Ne7 23. Nc6 Nxc6 24. Qxc6 Ne4 25. Nxe4 Bxe4 26. a3 Kf8 27. h3 g5 28. Be2 Bg6 29. Bf1 Be4 30. Be2 Bg6 1/2-1/2

[Event "Austria 2nd BL-Mitte 2024-25"]
[Site "Austria"]
[Date "2025.04.05"]
[Round "10.14"]
[White "Salvenmoser, Stefan"]
[Black "Gajek, Radoslaw"]
[Result "1/2-1/2"]
[Annotator "RC"]
[ECO "C55"]
[WhiteElo "2296"]
[BlackElo "2436"]
[PlyCount "80"]
[EventDate "2025.03.30"]
[EventType "team-tourn"]
[EventCountry "AUT"]
[SourceTitle "playchess.com"]
[Source "ChessBase"]
[SourceQuality "1"]
[TimeControl "40/5400+30:1800+30"]

1. e4 e5 2. Nf3 Nc6 3. Bc4 Nf6 4. d3 Be7 5. O-O O-O 6. a4 d5 7. exd5 Nxd5 8. a5 Bg4 9. c3 Qd6 10. Nbd2 Rad8 11. h3 Bh5 12. Ne4 Qg6 13. Ng3 Nf4 14. Bxf4 exf4 15. Nxh5 Qxh5 16. Re1 Bd6 17. b4 Kh8 18. b5 Ne7 19. Ne5 Qf5 20. d4 Ng6 21. Nxg6+ fxg6 22. Qf3 b6 23. axb6 axb6 24. Re2 Rde8 25. Rxe8 Rxe8 26. Ra8 Qf8 27. Rxe8 Qxe8 28. Qe2 Qxe2 29. Bxe2 Ba3 30. c4 g5 31. g4 Bb2 32. d5 g6 33. Kg2 Kg7 34. Kf3 Bd4 35. Ke4 Bxf2 36. d6 cxd6 37. Kd5 Bc5 38. Bf3 Kf6 39. Be4 Ke7 40. Bf3 Kd7 1/2-1/2

[Event "Austria 2nd BL-Mitte 2024-25"]
[Site "Austria"]
[Date "2025.04.05"]
[Round "10.15"]
[White "Kristoferitsch, Daniel"]
[Black "Webersberger, Johann"]
[Result "1-0"]
[Annotator "ChessBase"]
[ECO "D27"]
[WhiteElo "2282"]
[BlackElo "2294"]
[PlyCount "69"]
[EventDate "2025.03.30"]
[EventType "team-tourn"]
[EventCountry "AUT"]
[SourceTitle "playchess.com"]
[Source "ChessBase"]
[SourceQuality "1"]
[TimeControl "40/5400+30:1800+30"]

1. d4 d5 2. c4 dxc4 3. Nf3 Nf6 4. e3 e6 5. Bxc4 a6 6. O-O c5 7. Bb3 Nc6 8. Nc3 Be7 9. dxc5 Qxd1 10. Rxd1 Bxc5 11. Bd2 O-O 12. Be1 Ba7 13. Ng5 e5 14. h3 Bf5 15. Nd5 h6 16. Nf3 Be6 17. Nxf6+ gxf6 18. Nd2 Rac8 19. Ne4 f5 20. Nf6+ Kg7 21. Bxe6 fxe6 22. Nd7 Rfd8 23. Bc3 Nd4 24. exd4 Rxd7 25. dxe5 Rcd8 26. Rd6 Bc5 27. Rxe6 Rd1+ 28. Rxd1 Rxd1+ 29. Kh2 Bxf2 30. Rf6 Bg1+ 31. Kg3 Rf1 32. Kh4 Be3 33. Rd6 Rg1 34. e6+ Kg6 35. e7+ 1-0

[Event "Austria 2nd BL-Mitte 2024-25"]
[Site "Austria"]
[Date "2025.04.05"]
[Round "10.16"]
[White "Singer, Christoph"]
[Black "Dankhazi, Andras"]
[Result "1/2-1/2"]
[Annotator "ChessBase"]
[ECO "D35"]
[WhiteElo "2268"]
[BlackElo "2338"]
[PlyCount "86"]
[EventDate "2025.03.30"]
[EventType "team-tourn"]
[EventCountry "AUT"]
[SourceTitle "playchess.com"]
[Source "ChessBase"]
[SourceQuality "1"]
[TimeControl "40/5400+30:1800+30"]

1. d4 Nf6 2. Nf3 d5 3. c4 e6 4. cxd5 exd5 5. Nc3 c6 6. Bf4 Bf5 7. h3 Bd6 8. Bxd6 Qxd6 9. e3 Nbd7 10. Bd3 Bxd3 11. Qxd3 O-O 12. O-O a5 13. Qc2 Rfe8 14. Rac1 Qe7 15. Rfd1 Ne4 16. Nxe4 Qxe4 17. Qxe4 Rxe4 18. Ne1 Nb6 19. Nd3 Nc4 20. b3 Nd6 21. Rc2 f6 22. Nc5 Re7 23. h4 Kf7 24. g3 Ne4 25. Nxe4 Rxe4 26. a3 Ke7 27. Kf1 Kd6 28. Ke2 h5 29. Kd3 Re7 30. Rdc1 Rc7 31. f3 f5 32. Rg1 Re7 33. g4 Rae8 34. Re2 hxg4 35. fxg4 f4 36. Rge1 f3 37. Rf2 Re4 38. Rxf3 Rxg4 39. Rh1 Ke6 40. h5 Rh8 41. Rfh3 Rh6 42. b4 a4 43. b5 Rh8 1/2-1/2

[Event "Austria 2nd BL-Mitte 2024-25"]
[Site "Austria"]
[Date "2025.04.05"]
[Round "10.17"]
[White "Huber, Martin Christian"]
[Black "Belezky, Alexander"]
[Result "1/2-1/2"]
[Annotator "ChessBase"]
[ECO "E21"]
[WhiteElo "2330"]
[BlackElo "2290"]
[PlyCount "61"]
[EventDate "2025.03.30"]
[EventType "team-tourn"]
[EventCountry "AUT"]
[SourceTitle "playchess.com"]
[Source "ChessBase"]
[SourceQuality "1"]
[TimeControl "40/5400+30:1800+30"]

1. Nf3 Nf6 2. c4 Nc6 3. d4 e6 4. Nc3 Bb4 5. Bd2 O-O 6. e3 d6 7. a3 Bxc3 8. Bxc3 Ne4 9. Qc2 Nxc3 10. Qxc3 a5 11. b3 Qe7 12. Be2 e5 13. d5 Nb8 14. e4 Bg4 15. O-O Nd7 16. h3 Bh5 17. b4 Ra7 18. Rfc1 Bxf3 19. Bxf3 b6 20. Bd1 Rfa8 21. Qb2 axb4 22. axb4 Qf8 23. Bb3 Qb8 24. Bc2 Qb7 25. Bb3 Ra6 26. Bc2 Qa7 27. Rxa6 Qxa6 28. Bb3 Qa3 29. Qxa3 Rxa3 30. Rb1 Nf6 31. f3 1/2-1/2

[Event "Austria 2nd BL-Mitte 2024-25"]
[Site "Austria"]
[Date "2025.04.05"]
[Round "10.18"]
[White "Lentrodt, Thomas"]
[Black "Wendl, Philipp"]
[Result "1-0"]
[Annotator "ChessBase"]
[ECO "E14"]
[WhiteElo "2228"]
[BlackElo "2268"]
[PlyCount "77"]
[EventDate "2025.03.30"]
[EventType "team-tourn"]
[EventCountry "AUT"]
[SourceTitle "playchess.com"]
[Source "ChessBase"]
[SourceQuality "1"]
[TimeControl "40/5400+30:1800+30"]

1. d4 Nf6 2. c4 e6 3. Nf3 b6 4. a3 Bb7 5. e3 Be7 6. Bd3 O-O 7. Nc3 d5 8. cxd5 exd5 9. Qc2 Nbd7 10. O-O a6 11. Ne5 Bd6 12. f4 c5 13. Bd2 Rc8 14. Nxd7 Qxd7 15. Bf5 Qe7 16. Bxc8 Rxc8 17. Qd3 Ne4 18. Nxe4 dxe4 19. Qb3 cxd4 20. exd4 b5 21. Rac1 Rd8 22. Be3 Bb8 23. Qc3 Ba7 24. Rfd1 h6 25. h3 Bb6 26. d5 Bxe3+ 27. Qxe3 Rxd5 28. Rxd5 Bxd5 29. Qc5 Qe6 30. Qc8+ Kh7 31. Qxe6 Bxe6 32. Rc5 Bc4 33. Re5 Bd3 34. b4 Kg6 35. Kf2 f6 36. Rc5 h5 37. h4 Bc4 38. Ke3 Bd3 39. f5+ 1-0

[Event "Austria 2nd BL-Mitte 2024-25"]
[Site "Austria"]
[Date "2025.04.05"]
[Round "10.19"]
[White "Stevic, Hrvoje"]
[Black "Schernthaner, David"]
[Result "1-0"]
[Annotator "RC"]
[ECO "B51"]
[WhiteElo "2545"]
[BlackElo "2403"]
[PlyCount "67"]
[EventDate "2025.03.30"]
[EventType "team-tourn"]
[EventCountry "AUT"]
[SourceTitle "playchess.com"]
[Source "ChessBase"]
[SourceQuality "1"]
[TimeControl "40/5400+30:1800+30"]

1. e4 c5 2. Nf3 d6 3. Bb5+ Nd7 4. O-O a6 5. Be2 Ngf6 6. d3 e6 7. a4 b6 8. Nfd2 Be7 9. f4 Bb7 10. Bf3 Qc7 11. Nc3 O-O 12. g4 Nb8 13. g5 Nfd7 14. Bg2 Nc6 15. Nc4 Nd4 16. Ne2 b5 17. Ne3 f5 18. Ng3 bxa4 19. Rxa4 Nb6 20. Ra1 fxe4 21. dxe4 Rad8 22. c3 Nb5 23. Qg4 Bc8 24. f5 exf5 25. exf5 d5 26. Qh5 d4 27. g6 h6 28. Ng4 Bf6 29. Ne4 Qe7 30. Re1 Bh4 31. Bxh6 gxh6 32. Nxh6+ Kg7 33. f6+ Qxf6 34. Nf5+ 1-0

[Event "Austria 2nd BL-Mitte 2024-25"]
[Site "Austria"]
[Date "2025.04.05"]
[Round "10.20"]
[White "Freitag, Manfred"]
[Black "Heinemann, Thies"]
[Result "1/2-1/2"]
[Annotator "RC"]
[ECO "E42"]
[WhiteElo "2342"]
[BlackElo "2418"]
[PlyCount "109"]
[EventDate "2025.03.30"]
[EventType "team-tourn"]
[EventCountry "AUT"]
[SourceTitle "playchess.com"]
[Source "ChessBase"]
[SourceQuality "1"]
[TimeControl "40/5400+30:1800+30"]

1. d4 Nf6 2. c4 e6 3. Nc3 Bb4 4. e3 b6 5. Nge2 c5 6. a3 Ba5 7. Rb1 Na6 8. g3 Bb7 9. d5 b5 10. Bg2 bxc4 11. e4 exd5 12. e5 Ne4 13. O-O Nc7 14. Nxe4 dxe4 15. Qa4 Ne6 16. Qxc4 O-O 17. Rd1 f5 18. exf6 d5 19. Qb5 Qb6 20. Qxb6 Bxb6 21. fxg7 Kxg7 22. Nc3 Rad8 23. Na4 Kg6 24. h4 Nd4 25. Bg5 Rde8 26. b4 Ne2+ 27. Kh2 c4 28. Nxb6 axb6 29. Rd2 Nc3 30. Rc1 Nb5 31. a4 Nc7 32. Bh3 Bc8 33. Be3 Bxh3 34. Kxh3 Rf6 35. Bg5 Rf7 36. Be3 Ra8 37. h5+ Kxh5 38. Bxb6 Rxa4 39. Bxc7 Rxc7 40. Rxd5+ Kg6 41. Rc5 Rxc5 42. bxc5 Kf5 43. c6 Ke6 44. c7 Kd7 45. Kg4 Kxc7 46. Kf4 Kc6 47. Kxe4 Kc5 48. f4 c3+ 49. Kd3 Rd4+ 50. Kxc3 Rc4+ 51. Kd2 Rxc1 52. Kxc1 h5 53. Kd2 Kd4 54. Ke2 Ke4 55. Kf2 1/2-1/2

[Event "Austria 2nd BL-Mitte 2024-25"]
[Site "Austria"]
[Date "2025.04.05"]
[Round "10.21"]
[White "Kreisl, Robert"]
[Black "Leitgeb, Julian"]
[Result "1/2-1/2"]
[Annotator "ChessBase"]
[ECO "D02"]
[WhiteElo "2277"]
[BlackElo "2313"]
[PlyCount "46"]
[EventDate "2025.03.30"]
[EventType "team-tourn"]
[EventCountry "AUT"]
[SourceTitle "playchess.com"]
[Source "ChessBase"]
[SourceQuality "1"]
[TimeControl "40/5400+30:1800+30"]

1. Nf3 Nf6 2. d4 g6 3. Nbd2 d5 4. e3 Bg7 5. Be2 O-O 6. O-O c5 7. dxc5 Nbd7 8. Nb3 Qc7 9. c4 dxc4 10. Bxc4 Nxc5 11. Nxc5 Qxc5 12. Qb3 Bg4 13. Bd2 Bxf3 14. gxf3 Qg5+ 15. Kh1 Qh5 16. Kg2 Qg5+ 17. Kh1 Qh5 18. Kg2 Ne4 19. fxe4 Qg4+ 20. Kh1 Qf3+ 21. Kg1 Qg4+ 22. Kh1 Qf3+ 23. Kg1 Qg4+ 1/2-1/2